 Dungeon Sprint DCSS version 0.30-a0-777-ga9a30cbeda (webtiles) character file.

Game seed: 14871230109844151172

402 sircluck the Unseen (level 6, -2/44 HPs)
             Began as an Octopode Brigand on Feb 13, 2023.
             Was an Initiate of Dithmenos.
             Slain by a yak (15 damage)
             ... in the Dungeon (Sprint IX: "|||||||||||||||||||||||||||||").
             The game lasted 00:02:12 (186 turns).

sircluck the Unseen (Octopode Brigand)               Turns: 186, Time: 00:02:13

Health: -2/44      AC:  3    Str: 10    XL:     6   Next: 85%
Magic:  6/6        EV: 14    Int: 13    God:    Dithmenos [......]
Gold:   0          SH:  0    Dex: 21    Spells: 5/5 levels left

rFire   . . .      SeeInvis +    l - +2 rapier "Coevajey" {drain, Dex+2 SInv}
rCold   . . .      Faith    .    (no shield)
rNeg    . . .      Spirit   .    (helmet restricted)
rPois   .          Reflect  .    (no amulet)
rElec   .          Harm     .    m - +2 ring of protection
rCorr   .          Rampage  .    n - +3 ring of dexterity
Will    .....      NoTele   +    (no ring)
Stlth   ++++++++                 (no ring)
HPRegen 0.27/turn                (no ring)
MPRegen 0.10/turn                (no ring)
                                 (no ring)
                                 (no ring)

@: no status effects
A: almost no armour, amphibious, 8 rings, camouflage 1, gelatinous body 1,
(nimble swimmer 1), tentacles
a: Renounce Religion


You were in the Dungeon.
You worshipped Dithmenos.
Dithmenos was noncommittal.
You visited 1 branch

Inventory:

Hand Weapons
 a - a +2 dagger
 l - the +2 rapier "Coevajey" (weapon) {drain, Dex+2 SInv}
   (You found it in the Dungeon)

   Dex:       It affects your dexterity (+2).
   SInv:      It lets you see invisible.
Missiles
 b - 5 poisoned darts (quivered)
 c - 3 curare-tipped darts
Jewellery
 m - a +2 ring of protection (left tentacle)
 n - a +3 ring of dexterity (right tentacle)
Wands
 k - a wand of quicksilver (9)
Scrolls
 i - a scroll of blinking
 j - 2 scrolls of amnesia
Potions
 d - 5 potions of curing
 e - a potion of invisibility
 f - a potion of haste
 g - 4 potions of magic
 h - 2 potions of heal wounds


   Skills:
 + Level 4.5 Fighting
 + Level 5.6 Short Blades
 + Level 4.7 Throwing
 + Level 2.7 Dodging
 + Level 16.4 Stealth


You had 5 spell levels left.
You didn't know any spells.
Your spell library was empty.

Dungeon Overview and Level Annotations

Branches:
Dungeon (1/1)

Altars:
Cheibriados
Dithmenos
Elyvilon
Fedhas
Gozag
Hepliaklqana
Kikubaaqudgha
Makhleb
Nemelex Xobeh
Okawaru
Qazlal
Ru
Sif Muna
Trog
Uskayaw
Vehumet
Wu Jian
Xom
Yredelemnul
Zin
The Shining One
Jiyva
Lugonu


Innate Abilities, Weirdness & Mutations

You cannot wear most types of armour.
You are amphibious.
You can wear up to eight rings at the same time.
Your skin changes colour to match your surroundings (Stealth+).
Your rubbery body absorbs attacks. (AC +1, EV +1)
((You are camouflaged when in or above water. (Stealth+)))
You have tentacles for arms and can constrict up to eight enemies at once.


Message History

Aim: a yak (translocational energy, severely wounded, 76% to hit)
You throw a poisoned dart. The poisoned dart hits the yak.
The yak is poisoned.
The yak is severely wounded.
Throw: 8 darts (poison)
Press: ? - help, Q - select action, (/) - cycle Shift-Dir - straight line, f/p - yak
Aim: a yak (severely wounded, poisoned, 76% to hit)
You throw a poisoned dart. The poisoned dart hits the yak.
The yak looks even sicker.
The yak is severely wounded.
Throw: 7 darts (poison)
Press: ? - help, Q - select action, (/) - cycle Shift-Dir - straight line, f/p - yak
Aim: a yak (severely wounded, very poisoned, 76% to hit)
You throw a poisoned dart. The poisoned dart hits the yak!
The yak looks as sick as possible!
The yak is severely wounded.
Throw: 6 darts (poison)
Press: ? - help, Q - select action, (/) - cycle Shift-Dir - straight line, f/p - yak
Aim: a yak (severely wounded, extremely poisoned, 76% to hit)
You throw a poisoned dart. The poisoned dart hits the yak.
The yak looks as sick as possible!
The yak is severely wounded.
There is an iron altar of Okawaru here.
The yak gores you but does no damage.
There is a stormy altar of Qazlal here.
You barely miss the yak. You squeeze the yak.
You kill the yak!
Dithmenos accepts your kill.
Your Short Blades skill increases to level 5!
Your Stealth skill gained 2 levels and is now at level 16!
You hit the yak.
The yak is heavily wounded.
The yak seems less drained.
The yak completely misses you.
You barely miss the yak.
The yak is heavily wounded.
The yak gores you.
* * * LOW HITPOINT WARNING * * *
You hit the yak but do no damage.
The yak is heavily wounded.
The yak gores you!
You die... ▓▓▓▓▓▓▓▓▓▓▓▓▓▓▓▓▓▓▓▓▓▓▓▓▓▓▓▓▓▓▓▓▓ [.)..†_z______zY@_____________'.. ▓▓▓▓▓▓▓▓▓▓▓▓▓▓▓▓▓▓▓▓▓▓▓▓▓▓▓▓▓▓▓▓▓

You could see a yak and a wight.

Vanquished Creatures
  A yak (D)
  2 phantoms (D)
  A howler monkey (D)
  2 iguanas (D)
  An adder (D)
  A ball python (D)
  2 kobolds (D)
  A quokka (D)
  A frilled lizard (D)
12 creatures vanquished.

Notes
Turn   | Place    | Note
-------+----------+-------------------------------------------
     0 | D        | sircluck the Octopode Brigand began the quest for the Orb.
     0 | D        | Reached XP level 1. HP: 14/14 MP: 1/1
    10 | D        | Reached skill level 6 in Stealth
    17 | D        | Noticed an iguana
    17 | D        | Noticed a phantom
    17 | D        | Noticed an iguana
    17 | D        | Noticed a phantom
    19 | D        | Killed a phantom
    20 | D        | Reached skill level 10 in Stealth
    20 | D        | Reached XP level 2. HP: 18/21 MP: 2/2
    20 | D        | Reached XP level 3. HP: 22/26 MP: 3/3
    20 | D        | Reached XP level 4. HP: 27/31 MP: 4/4
    23 | D        | Reached skill level 11 in Stealth
    40 | D        | Reached XP level 5. HP: 14/36 MP: 5/5
    46 | D        | Killed a phantom
    47 | D        | Reached skill level 13 in Stealth
    50 | D        | Reached skill level 14 in Stealth
    79 | D        | Found a snail-covered altar of Cheibriados.
    79 | D        | Found a shadowy altar of Dithmenos.
    79 | D        | Found a white marble altar of Elyvilon.
    79 | D        | Found a blossoming altar of Fedhas.
    79 | D        | Found an opulent altar of Gozag.
    90 | D        | Found a hazy altar of Hepliaklqana.
    91 | D        | Found a viscous altar of Jiyva.
    92 | D        | Found an ancient bone altar of Kikubaaqudgha.
    93 | D        | Found a corrupted altar of Lugonu.
    94 | D        | Found a burning altar of Makhleb.
    95 | D        | Found a sparkling altar of Nemelex Xobeh.
    96 | D        | Found an iron altar of Okawaru.
    97 | D        | Found a stormy altar of Qazlal.
   102 | D        | Became a worshipper of Dithmenos the Shadowed
   107 | D        | Found a sacrificial altar of Ru.
   108 | D        | Found a shimmering blue altar of Sif Muna.
   109 | D        | Found a bloodstained altar of Trog.
   110 | D        | Found a hide-covered altar of Uskayaw.
   111 | D        | Found a radiant altar of Vehumet.
   112 | D        | Found an ornate altar of the Wu Jian Council.
   113 | D        | Found a shimmering altar of Xom.
   114 | D        | Found a basalt altar of Yredelemnul.
   115 | D        | Found a glowing silver altar of Zin.
   116 | D        | Found a glowing golden altar of the Shining One.
   134 | D        | Got the +2 rapier "Coevajey" {drain, Dex+2 SInv}
   154 | D        | Noticed a centaur
   154 | D        | Noticed a troll
   154 | D        | Noticed a yak
   154 | D        | Noticed a yak
   176 | D        | Reached XP level 6. HP: 16/43 MP: 6/6
   183 | D        | Killed a yak
   184 | D        | Reached skill level 5 in Short Blades
   184 | D        | Reached skill level 16 in Stealth
   186 | D        | Slain by a yak

Illustrated notes

Levels and vault maps discovered:
D:        linesprint [early_d, line_temple, items_1, d_10, items_2, lair_1,
          lair_end, items_3, orc_1, orc_end, items_4, d_15, swamp_1, shoals_1,
          snake_1, spider_1, d_20, vaults_1, items_5, swamp_end, shoals_end,
          snake_end, spider_end, vaults_end, d_27, items_6, zot_1, zot_end,
          crypt_end, forest_end, elf_end, slime_end, tomb_end, abyss_end,
          pan_hell_end]

Skill      XL: |  1  2  3  4  5  6 |
---------------+-------------------+-----
Stealth        | 10 11 14 16 | 16.4
Fighting       | 3 4 |  4.5
Short Blades   | 3 4 5 |  5.6
Throwing       | 3 4 |  4.7
Dodging        | 2 |  2.7

Action                     |  1- 3 |  4- 6 || total
---------------------------+-------+-------++-------
  Melee: Dagger            |     8 |    22 ||    30
         Constrict         |     2 |     5 ||     7
         Tentacles         |     1 |    10 ||    11
         Rapier            |       |     7 ||     7
  Throw: Dart              |       |     4 ||     4
  Evoke: Wand              |       |     1 ||     1
    Use: Potion            |       |     2 ||     2
         Scroll            |       |     1 ||     1
   Stab: Sleeping          |     4 |       ||     4
 Armour: Skin              |     2 |     3 ||     5
  Dodge: Dodged            |     1 |    14 ||    15

Table legend: (Time is in decaauts)
 A = Elapsed time spent in this place.
 B = Non-inter-level travel time spent in this place.
 C = Inter-level travel time spent in this place.
 D = Time resting spent in this place.
 E = Time spent auto-exploring this place.
 F = Levels seen in this place.
 G = Mean time per level.
                   A        B        C        D        E       F      G
               +--------+--------+--------+--------+--------+-----+--------+
         Total |    187 |    187 |      0 |     40 |      0 |   1 |  187.0 |
       Dungeon |    187 |    187 |      0 |     40 |      0 |   1 |  187.0 |
               +--------+--------+--------+--------+--------+-----+--------+

Top non-repeatable levels by time:
       D: 187 daAuts
